Map: Rooftop Terrace

Players

AhHeng - Winner!

  • Race: Zerg Zerg
  • Spawn Location: 12:00

Infamous - Winner!

  • Race: Protoss Protoss
  • League: Gold
  • Spawn Location: 12:00

Waddlz - Winner!

  • Race: Protoss Protoss
  • Spawn Location: 1:00

kahsfjhf - Winner!

  • Race: Terran Terran
  • Spawn Location: 11:00

jimraynor

  • Race: Zerg Zerg
  • Spawn Location: 6:00

bluesmanBR

  • Race: Zerg Zerg
  • Spawn Location: 7:00

Toastie

  • Race: Terran Terran
  • Spawn Location: 5:00

Bluntman

  • Race: Protoss Protoss
  • Spawn Location: 6:00

VOD

Have the link to the VOD?

Description

Time

  • Played on: April 20, 2018, 8:49 a.m.
  • Length: 19:36
Show
View Real Time Build Order
Export as new Build Order

AhHeng Zerg - Winner!

Build Orders: Hatch First 

Get SALT Encoding   

  12  0:35  Hatchery  
  11  0:47  Spawning Pool  
  10  0:58  Extractor  
  10  1:01  Drone  
  10  1:05  Extractor  
  10  1:06  Drone  
  10  1:17  Evolution Chamber  
  9  1:19  Drone  
  10  1:28  Drone  
  10  1:32  Drone  
  12  1:50  Spore Crawler  
  11  2:00  Queen  
  13  2:10  Drone  
  13  2:12  Drone  
  15  2:18  Drone  
  16  2:24  Drone  
  17  2:33  Drone  
  18  2:48  Lair  
  18  2:53  Drone  
  18  2:58  Drone  
  20  3:05  Overlord  
  20  3:16  Metabolic Boost  
  20  3:26  Zergling x4  
  22  3:28  Zergling x2  
  22  3:33  Drone  
  24  3:38  Drone  
  25  3:49  Drone  
  25  3:55  Hydralisk Den  
  25  4:03  Drone, Infestation Pit  
  25  4:06  Drone  
  25  4:09  Drone  
  27  4:14  Drone  
  28  4:20  Overlord  
  28  4:28  Overlord  
  28  4:34  Overlord  
  28  4:42  Grooved Spines  
  28  4:48  Hydralisk  
  28  4:51  Hydralisk  
  32  4:58  Drone  
  32  4:59  Drone  
  34  5:00  Drone  
  35  5:12  Zerg Missile Weapons Level 1  
  35  5:19  Hydralisk  
  37  5:22  Hydralisk  
  37  5:27  Hydralisk  
  41  5:31  Drone  
  41  5:33  Drone  
  43  5:36  Drone  
  43  5:41  Extractor  
  43  5:45  Extractor, Drone  
  43  5:49  Hydralisk  
  45  5:50  Hydralisk  
  45  5:53  Muscular Augments  
  37  6:20  Hydralisk x3  
  43  6:39  Hydralisk x2  
  47  7:02  Hydralisk x2  
  47  7:05  Overlord  
  51  7:13  Drone  
  51  7:14  Overlord x2  
  52  7:28  Hive  
  52  7:35  Drone x2  
  54  7:45  Hydralisk x3  
  60  7:53  Overseer  
  60  8:06  Zerg Missile Weapons Level 2  
  60  8:11  Hydralisk  
  62  8:15  Hydralisk  
  64  8:28  Hydralisk  
  64  8:34  Hydralisk x3  
  72  8:42  Drone  
  73  8:50  Hydralisk  
  75  8:59  Drone  
  75  9:01  Overlord x2  
  76  9:16  Overlord  
  76  9:17  Overlord x3  
  76  9:20  Overseer  
  72  9:39  Hydralisk x2  
  74  9:46  Queen  
  76  9:59  Drone x3  
  79  10:05  Hydralisk x2  
  79  10:06  Hydralisk  
  60  10:38  Hydralisk x3  
  66  10:49  Hydralisk x3  
  65  11:25  Zerg Missile Weapons Level 3  
  65  11:28  Hydralisk x3  
  71  11:45  Hydralisk  
  73  11:52  Drone  
  73  11:53  Drone x2  
  76  11:57  Hydralisk  
  78  12:20  Hydralisk x4  
  86  12:37  Hydralisk x3  
  86  12:42  Queen  
  94  12:50  Hydralisk  
  96  12:54  Hydralisk x3  
  102  13:04  Hydralisk x4  
  110  13:11  Overseer x5  
  110  13:12  Overseer  
  110  13:15  Overseer  
  110  13:30  Hydralisk x2  
  114  13:38  Drone x2  
  114  13:41  Overlord  
  116  14:02  Zerg Ground Armor Level 1  
Show
View Real Time Build Order
Export as new Build Order

Infamous Protoss - Winner!

Build Orders: 1 Gate Expand, Carrier Rush 

Get SALT Encoding   

  12  0:01  Probe  
  13  0:15  Probe, Pylon  
  14  0:23  Probe  
  15  0:37  Gateway  
  15  0:39  Probe  
  16  0:52  Probe, Assimilator  
  17  1:00  Probe  
  17  1:09  Probe  
  19  1:21  Probe  
  20  1:32  Nexus  
  20  1:34  Probe  
  21  1:46  Probe  
  22  1:47  Cybernetics Core  
  22  1:53  Assimilator  
  22  1:58  Pylon  
  22  2:00  Probe  
  23  2:17  Probe  
  24  2:25  Probe  
  25  2:31  Stargate  
  25  2:35  Probe  
  25  2:41  Probe  
  26  2:47  Pylon, Probe  
  26  2:49  Probe  
  29  2:59  Probe x2  
  31  3:11  Probe  
  32  3:19  Fleet Beacon  
  32  3:20  Probe  
  32  3:24  Probe  
  32  3:26  Assimilator  
  33  3:29  Assimilator  
  34  3:38  Stargate  
  34  3:44  Probe  
  34  3:47  Probe  
  36  3:54  Probe  
  36  3:59  Probe  
  38  4:05  Carrier  
  38  4:09  Probe  
  45  4:11  Probe  
  46  4:19  Graviton Catapult  
  46  4:22  Probe  
  46  4:24  Nexus  
  46  4:25  Probe  
  46  4:26  Pylon  
  46  4:29  Pylon  
  46  4:30  Probe  
  49  4:40  Probe  
  50  4:47  Carrier  
  56  4:56  Protoss Air Weapons Level 1  
  56  5:00  Probe x2  
  58  5:08  Anion Pulse-Crystals  
  58  5:22  Probe x2  
  58  5:25  Assimilator  
  60  5:28  Assimilator  
  60  5:32  Stargate  
  60  5:34  Probe  
  61  5:43  Probe x2  
  63  5:53  Probe  
  63  5:55  Carrier  
  64  5:57  Probe  
  64  6:02  Probe  
  72  6:14  Carrier  
  72  6:22  Cybernetics Core  
  78  6:34  Carrier  
  84  6:50  Protoss Air Armor Level 1  
  84  6:53  Protoss Air Weapons Level 2  
  84  7:03  Stargate  
  84  7:19  Probe  
  85  7:27  Pylon, Forge  
  85  7:45  Probe x3  
  88  7:52  Pylon  
  88  7:57  Probe x2  
  90  7:59  Pylon  
  90  8:01  Pylon  
  90  8:06  Carrier x2  
  90  8:10  Carrier  
  96  8:19  Carrier  
  114  8:30  Probe x2  
  114  8:31  Probe  
  117  8:45  Photon Cannon  
  117  8:47  Shield Battery  
  117  8:51  Pylon  
  117  8:54  Shield Battery  
  117  8:56  Photon Cannon  
  117  9:04  Probe x2  
  117  9:05  Probe  
  112  9:32  Photon Cannon  
  112  9:34  Shield Battery  
  112  10:17  Pylon  
  112  10:22  Pylon  
  112  10:25  Photon Cannon  
  112  10:27  Photon Cannon  
  112  10:29  Carrier  
  112  10:30  Carrier  
  112  10:33  Carrier, Photon Cannon  
  124  10:37  Photon Cannon  
  130  10:45  Protoss Air Weapons Level 3  
  130  11:02  Photon Cannon  
  130  11:08  Pylon  
  130  11:09  Pylon, Carrier  
  129  11:12  Pylon  
  127  11:32  Probe x3  
  127  11:57  Mothership  
  135  12:18  Carrier x3  
  153  12:47  Carrier  
  147  13:16  Pylon  
  147  13:22  Protoss Air Armor Level 2  
  147  13:38  Carrier  
  147  13:39  Carrier x2  
  147  14:08  Carrier  
  135  14:54  Carrier  
  129  15:01  Carrier  
  129  15:05  Carrier  
  147  15:28  Carrier  
  153  16:00  Protoss Shields Level 1  
  123  16:13  Carrier  
  117  16:26  Carrier  
  117  16:30  Carrier  
  129  16:53  Carrier  
  135  17:36  Carrier  
  141  17:52  Carrier  
  141  17:56  Carrier  
Show
View Real Time Build Order
Export as new Build Order

Waddlz Protoss - Winner!

Build Orders:  

Get SALT Encoding   

  12  0:07  Probe  
  13  0:19  Probe  
  14  0:34  Probe  
  15  0:39  Pylon  
  15  0:56  Pylon  
  15  0:58  Probe  
  16  1:12  Assimilator  
  16  1:30  Assimilator  
  16  1:35  Probe  
  17  1:46  Gateway  
  17  1:47  Probe  
  18  1:59  Probe  
  19  2:18  Nexus  
  19  2:38  Nexus  
  19  2:46  Zealot  
  21  2:57  Pylon  
  21  3:07  Pylon  
  21  3:13  Zealot  
  23  3:24  Pylon  
  23  3:31  Probe  
  24  3:40  Zealot  
  26  3:43  Probe  
  27  3:50  Probe  
  27  3:55  Probe  
  29  4:02  Probe  
  30  4:07  Probe, Zealot  
  33  4:11  Gateway  
  33  4:14  Probe  
  34  4:19  Probe  
  35  4:26  Probe  
  36  4:31  Probe  
  36  4:34  Zealot  
  39  4:43  Probe  
  40  4:56  Probe  
  41  5:10  Forge  
  41  5:22  Cybernetics Core  
  41  5:30  Probe  
  41  5:34  Zealot  
  44  5:42  Probe  
  45  5:54  Probe  
  45  5:56  Photon Cannon  
  46  6:01  Zealot  
  48  6:06  Probe  
  48  6:11  Stalker  
  51  6:18  Probe  
  52  6:28  Zealot  
  52  6:30  Probe, Gateway  
  55  6:34  Probe  
  56  6:40  Stalker  
  56  6:43  Probe  
  56  6:44  Assimilator  
  56  6:46  Probe  
  60  6:51  Pylon  
  60  6:53  Pylon  
  60  6:54  Pylon  
  60  6:55  Probe, Zealot  
  60  6:58  Probe  
  60  6:59  Pylon  
  64  7:02  Pylon  
  64  7:06  Pylon  
  64  7:07  Probe  
  65  7:10  Probe, Stalker  
  68  7:19  Probe  
  68  7:22  Zealot  
  71  7:23  Probe  
  72  7:30  Stargate  
  72  7:34  Pylon  
  72  7:40  Stalker  
  72  7:42  Stargate  
  74  7:49  Pylon, Stalker  
  76  8:01  Stargate  
  70  8:10  Stalker  
  64  8:25  Probe  
  63  8:37  Probe  
  63  8:39  Void Ray  
  68  8:43  Void Ray  
  72  8:49  Probe  
  73  9:01  Probe  
  74  9:09  Probe  
  75  9:13  Probe  
  76  9:21  Probe, Void Ray  
  81  9:25  Probe, Void Ray  
  86  9:33  Probe  
  86  9:37  Probe  
  88  9:46  Pylon  
  88  9:49  Probe  
  88  9:52  Assimilator  
  89  9:53  Probe  
  90  10:01  Probe  
  90  10:02  Pylon  
  90  10:04  Void Ray  
  90  10:05  Probe  
  96  10:07  Pylon  
  96  10:08  Void Ray  
  96  10:10  Photon Cannon  
  100  10:17  Probe  
  101  10:22  Fleet Beacon  
  101  10:47  Void Ray  
  105  10:51  Void Ray  
  105  10:53  Void Ray  
  113  11:30  Void Ray  
  117  11:34  Void Ray  
  117  11:36  Void Ray  
  112  12:13  Void Ray  
  116  12:17  Void Ray  
  116  12:19  Carrier  
  126  12:55  Carrier  
  132  13:27  Carrier  
  138  13:44  Carrier  
  144  14:21  Carrier  
  150  14:35  Probe  
  151  14:39  Assimilator  
  151  14:44  Assimilator  
  151  14:45  Probe  
  152  14:47  Probe  
  152  14:49  Pylon  
  152  14:51  Pylon  
  153  14:53  Carrier  
  153  14:54  Pylon  
  153  14:57  Probe, Pylon  
  153  14:59  Probe  
  161  15:09  Probe  
  161  15:10  Carrier  
  161  15:11  Probe  
  169  15:23  Probe  
  166  15:47  Carrier  
  172  16:09  Stargate  
  172  16:18  Carrier  
  178  16:36  Carrier  
  184  17:12  Carrier  
  190  17:34  Carrier  
  178  18:34  Void Ray  
  178  18:35  Void Ray  
  178  18:38  Void Ray  
  190  18:52  Probe  
  191  19:01  Pylon  
  191  19:02  Pylon  
  191  19:04  Probe  
  191  19:08  Pylon  
  192  19:12  Pylon  
  192  19:16  Pylon, Probe  
  193  19:24  Pylon  
  197  19:30  Pylon  
Show
View Real Time Build Order
Export as new Build Order

kahsfjhf Terran - Winner!

Build Orders:  

Get SALT Encoding   

  12  0:15  Supply Depot  
  12  0:29  SCV  
  13  0:37  Supply Depot  
  13  0:41  SCV  
  14  0:53  SCV  
  15  1:00  Refinery  
  15  1:05  SCV  
  16  1:17  SCV  
  17  1:27  Barracks  
  17  1:29  SCV  
  18  1:42  SCV  
  18  1:44  Refinery  
  19  1:54  SCV  
  20  2:06  SCV  
  21  2:15  Engineering Bay  
  21  2:18  SCV  
  22  2:30  SCV  
  23  2:42  SCV  
  24  2:52  Factory  
  24  2:54  SCV  
  24  2:57  Ghost Academy  
  25  3:17  Command Center  
  25  3:21  SCV  
  26  3:33  SCV  
  27  3:41  Refinery  
  27  3:45  SCV  
  28  3:55  Starport  
  28  3:57  SCV  
  29  4:06  Refinery  
  30  4:10  SCV  
  30  4:12  Starport  
  30  4:29  Starport  
  30  4:33  Starport  
  30  4:49  Starport  
  30  5:04  Armory  
  30  5:09  Starport  
  30  5:28  SCV  
  31  5:40  SCV  
  32  5:48  Starport Tech Lab  
  27  5:52  Fusion Core, SCV  
  27  5:53  Starport Tech Lab  
  24  5:58  Starport Tech Lab x2  
  24  6:03  Starport Tech Lab  
  24  6:04  SCV  
  24  6:08  Starport Tech Lab  
  25  6:16  SCV  
  25  6:18  Viking x4  
  28  6:29  Viking  
  22  6:40  SCV  
  23  6:52  SCV  
  21  7:04  SCV  
  22  7:16  SCV  
  23  7:25  Viking x3  
  23  7:28  SCV  
  30  7:47  SCV  
  31  7:59  SCV  
  32  8:09  Refinery  
  32  8:10  Refinery  
  32  8:11  SCV  
  33  8:40  Viking  
  35  8:51  SCV  
  35  8:54  SCV  
  37  9:03  SCV  
  38  9:15  SCV  
  39  9:24  Viking  
  39  9:25  Viking  
  39  9:27  SCV  
  39  9:31  Viking  
  46  9:49  Supply Depot  
  46  9:52  Supply Depot  
  46  10:00  Supply Depot  
  46  10:05  Supply Depot  
  46  10:18  SCV  
  48  10:21  SCV  
  41  10:30  SCV  
  37  10:42  SCV  
  27  12:09  SCV  
  28  12:21  SCV  
  29  12:24  Viking  
  31  12:33  SCV  
  31  12:36  SCV  
  33  12:45  SCV  
  34  12:58  SCV  
  17  16:12  Viking x4  
  17  16:13  Viking x2  
  29  16:42  Viking x4  
  37  18:34  Viking x4  
  37  18:35  Viking x2  
  49  18:45  SCV  
  50  18:57  SCV  
  51  19:04  Viking  
  51  19:09  SCV  
Show
View Real Time Build Order
Export as new Build Order

jimraynor Zerg 

Build Orders: Hatch First 

Get SALT Encoding   

  12  0:04  Drone  
  13  0:09  Drone  
  14  0:18  Overlord  
  14  0:43  Drone x2  
  14  0:44  Drone  
  17  0:56  Extractor  
  16  1:04  Drone  
  16  1:07  Hatchery  
  16  1:11  Drone  
  17  1:26  Spawning Pool  
  17  1:27  Drone x2  
  18  1:38  Drone  
  19  2:04  Drone x2  
  21  2:12  Extractor  
  21  2:13  Lair  
  20  2:18  Drone  
  20  2:20  Drone x2  
  20  2:22  Queen  
  25  2:40  Drone x2  
  25  2:42  Drone  
  28  2:54  Extractor  
  28  2:55  Drone  
  28  2:56  Extractor  
  28  2:57  Overlord x2  
  27  3:22  Spire  
  27  3:23  Drone x3  
  27  3:24  Drone x2  
  31  3:30  Queen  
  33  3:43  Drone  
  33  3:44  Drone x5  
  39  4:18  Overlord  
  39  4:19  Overlord  
  39  4:41  Mutalisk x2  
  39  4:42  Mutalisk x2  
  39  4:43  Mutalisk x2  
  39  4:45  Mutalisk x2  
  51  4:51  Hatchery  
  54  4:58  Spore Crawler  
  53  5:01  Spore Crawler  
  53  5:03  Drone x5  
  57  5:12  Zerg Flyer Armor Level 1  
  57  5:27  Drone  
  58  5:36  Mutalisk  
  58  5:40  Overlord x2  
  54  6:22  Mutalisk x7  
  54  6:23  Mutalisk  
  70  6:40  Mutalisk  
  70  6:41  Mutalisk  
  74  6:55  Mutalisk  
  76  7:02  Drone x2  
  76  7:05  Drone x4  
  82  7:26  Extractor, Overlord x3  
  81  7:41  Overlord x2  
  81  7:44  Zerg Flyer Weapons Level 1  
  81  7:51  Infestation Pit  
  80  8:15  Mutalisk x2  
  80  8:16  Mutalisk  
  84  8:35  Drone x3  
  84  8:36  Drone x2  
  84  8:37  Drone  
  90  8:44  Hive  
  82  9:54  Drone x3  
  82  9:57  Greater Spire  
  85  10:09  Extractor  
  84  10:14  Hatchery  
  73  10:58  Corruptor  
  73  10:59  Corruptor x13  
  73  11:00  Corruptor  
  101  11:31  Corruptor x4  
  101  11:32  Corruptor x2  
  113  11:53  Drone x3  
  116  11:54  Drone  
  116  11:55  Drone x8  
  125  12:21  Corruptor  
  127  12:23  Overlord x2  
  127  12:24  Overlord x5  
  127  12:35  Zerg Flyer Weapons Level 2  
  121  12:53  Corruptor x4  
  121  12:54  Corruptor x10  
  115  13:21  Corruptor  
  115  13:22  Corruptor x3  
  115  13:23  Corruptor  
  115  13:24  Overlord x3  
  115  13:25  Overlord x5  
  79  14:12  Corruptor x8  
  91  14:24  Extractor  
  91  14:25  Extractor  
  89  14:38  Queen  
  91  14:40  Queen  
  91  14:41  Corruptor  
  91  14:42  Corruptor x3  
  101  14:52  Corruptor x2  
  105  15:01  Zergling x2  
  105  15:02  Zergling x20  
  85  16:11  Corruptor  
  85  16:12  Corruptor x12  
Show
View Real Time Build Order
Export as new Build Order

bluesmanBR Zerg 

Build Orders: Pool First 

Get SALT Encoding   

  12  0:25  Spawning Pool  
  11  0:35  Evolution Chamber  
  10  0:53  Extractor  
  9  1:24  Drone x3  
  12  1:46  Queen  
  14  2:04  Roach Warren  
  13  2:11  Baneling Nest  
  12  2:16  Drone x2  
  12  2:22  Overlord  
  14  2:40  Queen  
  16  2:50  Roach x2  
  20  3:16  Ravager  
  20  3:17  Ravager  
  22  3:36  Overlord  
  22  3:37  Overlord x3  
  22  4:41  Hatchery  
  21  4:48  Lair  
  23  4:53  Roach x2  
  25  5:00  Drone  
  26  5:17  Ravager x2  
  28  5:51  Roach x2  
  28  5:52  Roach x3  
  38  6:11  Drone x2  
  40  6:45  Zergling x10  
  40  6:46  Zergling x4  
  47  6:55  Ravager x3  
  50  7:14  Extractor  
  49  7:34  Baneling x2  
  49  7:35  Baneling x2  
  49  7:49  Drone x5  
  49  7:50  Drone  
  55  7:54  Ravager  
  56  8:08  Drone  
  57  8:44  Baneling x2  
  57  8:45  Baneling x4  
  57  8:46  Baneling x4  
  57  8:55  Ravager  
  58  9:16  Drone x2  
  60  9:18  Overlord  
  60  9:19  Overlord x3  
  26  11:03  Infestation Pit  
  25  11:15  Hydralisk Den  
  24  11:23  Nydus Network  
  23  11:26  Spire  
  23  11:27  Drone x4  
  23  11:28  Drone x4  
  23  11:29  Drone x5  
  23  11:30  Drone x2  
  37  12:03  Swarm Host  
  37  12:04  Swarm Host  
  43  13:14  Nydus Canal  
  43  13:23  Grooved Spines  
  43  13:27  Pathogen Glands  
  43  14:07  Corruptor x3  
  49  14:24  Neural Parasite  
  49  14:35  Muscular Augments  
  49  14:52  Corruptor x3  
  43  15:37  Mutalisk  
  43  15:38  Mutalisk x5  
  43  15:39  Mutalisk x4  
  43  15:40  Mutalisk  
  6  16:45  Overlord x3  
  6  16:46  Overlord x2  
  6  16:54  Drone  
  7  17:21  Drone x3  
  7  17:22  Drone  
  9  17:33  Spawning Pool  
Show
View Real Time Build Order
Export as new Build Order

Toastie Terran 

Build Orders:  

Get SALT Encoding   

  12  0:04  SCV  
  13  0:20  SCV  
  14  0:39  Supply Depot  
  14  0:46  SCV  
  15  1:19  Barracks  
  15  1:21  SCV  
  16  1:34  SCV  
  16  1:36  Supply Depot  
  17  1:45  Supply Depot  
  17  1:46  SCV, Refinery  
  18  1:47  Refinery  
  18  1:58  SCV  
  18  2:00  Supply Depot  
  19  2:10  Engineering Bay  
  19  2:36  SCV  
  20  2:43  Supply Depot  
  20  2:48  SCV  
  21  3:01  Command Center  
  21  3:16  Orbital Command  
  21  3:32  Factory  
  21  3:55  Sensor Tower  
  21  3:58  SCV  
  22  4:05  Sensor Tower  
  22  4:10  SCV  
  23  4:18  Starport  
  23  4:22  SCV  
  24  4:32  Sensor Tower  
  24  4:34  SCV  
  25  4:44  Sensor Tower  
  25  4:57  Starport Tech Lab  
  25  5:01  Starport  
  25  5:02  SCV  
  25  5:04  Orbital Command  
  26  5:09  Refinery  
  26  5:14  SCV  
  27  5:24  Raven  
  29  6:05  SCV x2  
  29  6:09  Sensor Tower  
  31  6:17  SCV x2  
  33  6:28  Command Center  
  33  6:29  SCV x2  
  35  6:41  SCV x2  
  37  6:47  Command Center  
  37  6:50  Sensor Tower  
  37  6:53  SCV x2  
  39  7:05  SCV x2  
  41  7:17  SCV  
  41  7:18  SCV  
  43  7:29  SCV  
  44  7:30  SCV  
  45  7:41  SCV  
  45  7:42  SCV  
  47  7:45  Orbital Command  
  47  7:54  SCV x2  
  49  8:01  Missile Turret x2  
  49  8:03  Missile Turret x2  
  49  8:04  Missile Turret  
  49  8:11  Refinery  
  49  8:15  Refinery  
  49  8:23  Raven  
  49  8:25  Starport Tech Lab  
  51  8:28  Factory Tech Lab  
  51  8:34  Barracks Tech Lab  
  51  8:42  Starport  
  51  8:43  Starport  
  51  8:44  Starport  
  51  8:46  Hi-Sec Auto Tracking, Armory  
  51  8:47  SCV  
  51  8:48  SCV  
  53  8:49  Orbital Command  
  53  8:50  SCV  
  54  9:06  Raven  
  56  9:19  Armory  
  56  9:20  Refinery  
  56  9:21  Refinery  
  56  9:42  Starport Tech Lab x3  
  56  9:44  Raven  
  58  9:47  Terran Ship Weapons Level 1  
  58  9:49  Raven  
  60  9:57  SCV  
  61  10:04  SCV, Refinery  
  62  10:09  SCV  
  62  10:10  Raven  
  62  10:11  Raven  
  67  10:16  SCV  
  68  10:24  SCV  
  69  10:39  Raven x3  
  75  10:43  Terran Vehicle And Ship Armor Level 1  
  75  10:53  Raven  
  77  10:59  SCV  
  77  11:02  Factory Reactor  
  78  11:05  Command Center  
  78  11:11  SCV  
  79  11:19  Ghost Academy  
  79  11:24  Raven x3  
  79  11:25  Raven  
  87  11:55  Refinery x2  
  87  12:00  Missile Turret  
  87  12:04  Missile Turret x2  
  87  12:06  Missile Turret  
  87  12:07  Missile Turret  
  87  12:23  Missile Turret  
  87  12:24  Missile Turret  
  87  12:25  Missile Turret  
  87  12:26  Missile Turret  
  88  12:30  SCV  
  88  12:42  SCV  
  65  12:50  Raven x4  
  65  12:51  Raven  
  68  12:54  SCV  
  66  13:33  Raven x5  
  56  14:16  Raven x2  
Show
View Real Time Build Order
Export as new Build Order

Bluntman Protoss 

Build Orders:  

Get SALT Encoding   

  12  0:01  Probe  
  13  0:10  Probe  
  14  0:18  Probe  
  15  1:03  Pylon  
  15  1:21  Probe  
  15  1:23  Forge  
  16  1:33  Probe  
  17  1:44  Pylon  
  17  1:45  Pylon  
  17  1:47  Pylon  
  17  1:49  Pylon  
  17  2:06  Photon Cannon  
  17  2:08  Photon Cannon  
  17  2:10  Photon Cannon  
  17  2:12  Photon Cannon  
  17  2:14  Photon Cannon  
  17  2:18  Photon Cannon  
  17  2:32  Photon Cannon  
  17  2:43  Photon Cannon  
  17  3:25  Nexus  
  17  3:29  Assimilator  
  17  3:31  Assimilator  
  17  3:46  Probe  
  18  3:51  Assimilator  
  18  3:54  Probe  
  18  3:55  Assimilator  
  18  4:02  Probe  
  20  4:14  Probe  
  21  4:21  Nexus  
  21  4:26  Probe  
  21  4:27  Assimilator  
  22  4:34  Assimilator  
  22  4:39  Probe  
  23  4:55  Pylon  
  23  4:56  Pylon  
  23  4:58  Pylon  
  23  5:04  Probe  
  23  5:05  Probe  
  25  5:16  Probe  
  25  5:17  Probe  
  27  5:40  Probe  
  27  5:42  Probe  
  29  5:47  Probe  
  30  5:53  Probe  
  30  5:54  Probe  
  32  5:59  Probe  
  33  6:05  Probe  
  33  6:06  Probe, Gateway  
  35  6:11  Probe  
  35  6:17  Probe  
  37  6:19  Probe  
  37  6:24  Probe  
  39  6:29  Probe  
  39  6:31  Probe  
  41  6:36  Probe  
  41  6:39  Gateway  
  42  6:41  Probe  
  42  6:43  Probe  
  42  6:45  Gateway  
  44  6:47  Gateway  
  44  6:48  Probe  
  45  7:05  Pylon  
  45  7:06  Pylon  
  45  7:07  Forge  
  45  7:09  Forge  
  45  7:11  Cybernetics Core  
  45  7:17  Probe  
  45  7:20  Probe  
  47  7:27  Probe  
  47  7:29  Probe  
  49  7:32  Probe  
  50  7:39  Probe  
  50  7:41  Probe  
  53  7:44  Probe  
  53  7:51  Probe  
  53  7:53  Probe  
  53  7:56  Probe  
  56  8:03  Probe  
  58  8:05  Probe  
  58  8:08  Probe  
  58  8:09  Twilight Council  
  58  8:10  Protoss Shields Level 1  
  58  8:11  Protoss Ground Weapons Level 1, Protoss Ground Armor Level 1  
  59  8:15  Probe  
  59  8:17  Probe  
  61  8:20  Probe  
  62  8:28  Probe  
  62  8:29  Probe  
  62  8:32  Probe, Pylon  
  62  8:34  Pylon  
  65  8:35  Pylon  
  65  8:36  Pylon  
  65  8:37  Pylon  
  65  8:42  Gateway  
  65  8:44  Gateway  
  65  8:50  Gateway x2  
  65  8:53  Gateway  
  65  8:57  Gateway  
  65  9:08  Pylon  
  65  9:10  Pylon  
  65  9:13  Pylon  
  65  9:20  Blink  
  65  9:35  Robotics Facility x2  
  65  9:39  Robotics Facility  
  65  9:51  Pylon x2  
  65  9:52  Pylon  
  65  9:53  Pylon  
  65  9:55  Pylon  
  65  9:56  Pylon  
  65  10:24  Robotics Bay  
  65  10:30  Protoss Shields Level 2, Protoss Ground Armor Level 2  
  65  10:31  Protoss Ground Weapons Level 2  
  65  11:00  Observer x3  
  68  11:12  Extended Thermal Lance  
  68  11:20  Colossus x3, Stalker  
  68  11:21  Stalker x5  
  68  11:22  Stalker x4  
  106  11:50  Stalker  
  106  11:51  Stalker x5  
  106  11:52  Stalker  
  120  12:14  Colossus x3  
  138  12:47  Stalker x3  
  138  12:48  Stalker x5  
  138  12:49  Stalker x2  
  158  12:52  Observer Gravitic Boosters  
  158  13:17  Stalker x3  
  158  13:18  Stalker x5  
  158  13:19  Stalker x2  
  141  13:47  Stalker x3  
  141  13:48  Stalker x5  
  107  13:49  Stalker x2  
  86  14:17  Stalker x3  
  86  14:18  Stalker x5  
  86  14:19  Stalker x2  
  80  14:47  Stalker x3  
  80  14:48  Stalker x5  
  62  15:07  Stalker  
  65  15:17  Stalker x3  
  65  15:18  Stalker x4  
  26  18:25  Probe  
  26  18:37  Probe  
  26  18:40  Photon Cannon  
  27  18:49  Probe  
  27  18:51  Shield Battery  
  27  19:02  Probe  
  27  19:14  Probe  
Tags
 
Add a new tag
Caveats
  • Supply blocks, unpowered buildings, or Contaminate may cause inaccurate times.
  • Supply counts are checked every 10 seconds.